 Dungeon Crawl Stone Soup version 0.20.0-6-gd3061e9 (console) character file.

58 removed the Insei (level 4, 0/21 HPs)
             Began as a Vine Stalker Earth Elementalist on May 28, 2017.
             Succumbed to an adder's poison
             ... on level 2 of the Dungeon.
             The game lasted 00:02:06 (1928 turns).

removed the Insei (Vine Stalker Earth Elementalist) Turns: 1928, Time: 00:02:06

Health: 0/21       AC:  4    Str: 11    XL:     4   Next: 2%
Magic:  11/17      EV: 12    Int: 15    God:
Gold:   173        SH:  0    Dex: 15    Spells: 6/7 levels left

rFire    . . .     SeeInvis .     - Unarmed
rCold    . . .     Gourm    .   (no shield)
rNeg     . . .     Faith    .   c - +0 robe
rPois    .         Spirit   +   j - +0 helmet
rElec    .         Reflect  .   m - +0 cloak
rCorr    .         Harm     .   (no gloves)
MR       .....                  (no boots)
Stlth    ++........             (no amulet)
Regen    0.5/turn               n - ring of magical power
MPRegen  0.2/turn               (no ring)

@: lethally poisoned (0 -> -1)
A: fangs 2, regeneration 1, magic shield, antimagic bite, no potion heal 3, rot
immunity
a: no special abilities


You were on level 2 of the Dungeon.
You were not hungry.

You visited 1 branch of the dungeon, and saw 2 of its levels.

You collected 173 gold pieces.

Inventory:

Hand Weapons
 s - a +0 dagger of venom
Missiles
 b - 130 stones (quivered)
 f - a throwing net
Armour
 c - a +0 robe (worn)
 j - a +0 helmet (worn)
 m - a +0 cloak (worn)
Jewellery
 n - a ring of magical power (left hand)
Scrolls
 k - a scroll of recharging {unknown}
 l - 2 scrolls of identify {unknown}
 o - a scroll of teleportation {unknown}
 v - a scroll of magic mapping {unknown}
 x - a scroll of enchant armour {unknown}
Potions
 g - a potion of resistance {unknown}
 p - a potion of brilliance {unknown}
 q - a potion of invisibility {unknown}
 t - a potion of curing {unknown}
 w - a potion of flight {unknown}
Books
 e - a book of Geomancy

   Spells                             Type                      Level
   a - Sandblast                      Earth                        1
   b - Passwall                       Transmutation/Earth          2
   c - Stone Arrow                    Conjuration/Earth            3
   d - Petrify                        Transmutation/Earth          4
   e - Lee's Rapid Deconstruction     Earth                        5
Comestibles
 d - 3 bread rations
 h - 2 royal jellies
 u - a chunk of flesh


   Skills:
 - Level 1.5 Dodging
 - Level 2.4 Stealth
 + Level 3.4 Unarmed Combat
 - Level 2.1 Spellcasting
   Level 1.0 Transmutations
 - Level 3.0 Earth Magic


You had 6 spell levels left.
You knew the following spells:

 Your Spells              Type           Power        Failure   Level  Hunger
a - Sandblast             Erth           ##....       6%          1    #......


Dungeon Overview and Level Annotations

Branches:
Dungeon (2/15)

Altars:


Innate Abilities, Weirdness & Mutations

You have extremely sharp teeth.
Your natural rate of healing is unusually fast.
When hurt, damage is shared between your health and your magic reserves.
Your bite disrupts and absorbs the magic of your enemies.
Potions cannot restore your health.
You are immune to rotting.


Message History

* * * LOW HITPOINT WARNING * * *
You are more poisoned.
The adder poisons you! The adder barely misses you.
You are too injured to fight recklessly!
You barely miss the adder.
The adder is heavily wounded.
* * * LOW HITPOINT WARNING * * *
You feel sick. The adder barely misses you.
You hit the adder. Your bite misses the adder.
The adder is heavily wounded.
* * * LOW HITPOINT WARNING * * *
You feel sick. The adder bites you.
You hit the adder.
You kill the adder!
You have reached level 4!
You feel stronger.
You begin to heal more quickly.
* * * LOW HITPOINT WARNING * * *
You feel sick.
You die...

#.....##....... ###
####.....##.....#
..####.........#.....#
..#....#######.#.....#
.......#....<#.#.....##. ##
..#...>................. ..
..#....#.#...#.#.....## ##
..#....#.#####.#.#.### ..
..#....# . ..#@# # ###.
..#..............................
.................###........##...
....####......#### #........##...
r...# ..... #........##... ....#
.... #........##... ....# ...
#........##... S...# #......#
#........##... ....# #......#
#.....)..##...


There were no monsters in sight!

Vanquished Creatures
  An adder (D:2)
  3 dart slugs (D:1)
  A leopard gecko (D:1)
  A giant cockroach (D:1)
  4 goblins
  7 hobgoblins
  3 jackals (D:2)
  4 kobolds
  A quokka (D:2)
  3 ball pythons
  6 bats
  A frilled lizard (D:2)
  7 rats
42 creatures vanquished.

Notes
Turn   | Place    | Note
-------+----------+-------------------------------------------
     0 | D:1      | removed the Vine Stalker Earth Elementalist began the quest for the Orb.
     0 | D:1      | Reached XP level 1. HP: 9/9 MP: 4/4
   121 | D:1      | Reached skill level 1 in Unarmed Combat
   210 | D:1      | Reached XP level 2. HP: 13/13 MP: 6/6
   868 | D:1      | Reached XP level 3. HP: 16/16 MP: 7/7
  1927 | D:2      | Gained mutation: Your natural rate of healing is unusually fast. [Vine Stalker growth]
  1927 | D:2      | Reached XP level 4. HP: 1/21 MP: 8/8
  1927 | D:2      | HP: 1/21 [poisoned by an adder]
  1928 | D:2      | Succumbed to an adder's poison

Skill      XL: |  1  2  3 |
---------------+----------+-----
Unarmed Combat | 1 2 3 |  3.4
Dodging        | |  1.5
Stealth        | |  2.4
Spellcasting   | |  2.1
Transmutations | |  1.0
Earth Magic    | |  3.0

Action                   |  1- 3 |  4- 6 || total
-------------------------+-------+-------++-------
Melee: Unarmed           |   151 |       ||   151
       Bite              |    30 |       ||    30
       Punch             |     1 |       ||     1
 Stab: Sleeping          |     3 |       ||     3
  Eat: Chunk             |     3 |       ||     3
Armor: Robe              |    42 |       ||    42
Dodge: Dodged            |   134 |       ||   134
